 Dungeon Crawl Stone Soup version 0.24-a0-317-g5cb8de4 (webtiles) character file.

Game seed: 6059456455803582542

130144 MisterFreud the Brawler (level 16, -7/169 HPs)
             Began as a Troll Monk on May 16, 2019.
             Was a High Priest of Okawaru.
             Mangled by an azure jelly (41 damage)
             ... on level 4 of the Swamp.
             The game lasted 01:00:42 (22506 turns).

MisterFreud the Brawler (Troll Monk)               Turns: 22506, Time: 01:00:42

Health: -7/169     AC: 12    Str: 33    XL:     16   Next: 52%
Magic:  12/12      EV: 18    Int:  6    God:    Okawaru [*****.]
Gold:   1242       SH: 21    Dex: 12    Spells: 15/15 levels left

rFire    . . .     SeeInvis .     - Unarmed
rCold    . . .     Gourm    +   J - +2 large shield "Fanen" {rElec rPois Regen+}
rNeg     + . .     Faith    .   U - +4 robe "Kuish" {Str+5}
rPois    +         Spirit   .   (helmet restricted)
rElec    +         Reflect  .   y - +1 cloak {rPois}
rCorr    .         Harm     .   (gloves unavailable)
MR       ++...                  (boots unavailable)
Stlth    ++........             f - amulet of the acrobat
HPRegen  1.18/turn              V - ring of Ugideegg {rElec rPois rN+ MR+ MP-9}
MPRegen  0.13/turn              C - +5 ring of evasion

@: no status effects
A: large, unfitting armour, claws 3, blurry vision 1, fast metabolism 3,
gourmand, regeneration 1, shaggy fur 1, tough skin 3
a: Heroism, Finesse, Renounce Religion


You were on level 4 of the Swamp.
You worshipped Okawaru.
Okawaru was extremely pleased with you.
You were not hungry.

You visited 5 branches of the dungeon, and saw 28 of its levels.
You also visited: Sewer and Ice Cave.

You collected 2568 gold pieces.
You spent 1326 gold pieces at shops.

Inventory:

Missiles
 a - 111 stones
 v - 53 boomerangs
 x - 6 silver javelins
 R - 14 large rocks (quivered)
Armour
 w - the -2 hat of the Alchemist {rElec rPois rF+ rC+ rN+ MR+ rMut rCorr}
   (Okawaru gifted it to you on level 14 of the Dungeon)

   It protects you from fire.
   It protects you from cold.
   It insulates you from electricity.
   It protects you from poison.
   It protects you from negative energy.
   It affects your resistance to hostile enchantments.
   It provides partial protection from all sources of acid and corrosion.
   It protects you from mutation.
 y - a +1 cloak of poison resistance (worn)
 G - a +0 troll leather armour
 J - the +2 large shield "Fanen" (worn) {rElec rPois Regen+}
   (Okawaru gifted it to you on level 6 of the Lair of Beasts)

   It insulates you from electricity.
   It protects you from poison.
   It increases your rate of regeneration.
 U - the +4 robe "Kuish" (worn) {Str+5}
   (Okawaru gifted it to you on level 2 of the Swamp)

   It affects your strength (+5).
Jewellery
 f - an amulet of the acrobat (around neck)
 p - an uncursed amulet of magic regeneration
 B - the ring "Tuhun" {*Corrode rElec rN+ SInv}
   (You acquired it on level 8 of the Dungeon)

   [ring of see invisible]

   It insulates you from electricity.
   It protects you from negative energy.
   It lets you see invisible.
   It may corrode you when you take damage.
 C - a +5 ring of evasion (right claw)
 H - a +5 ring of intelligence
 N - an uncursed amulet of rage
 O - an uncursed ring of resist corrosion
 V - the ring of Ugideegg (left claw) {rElec rPois rN+ MR+ MP-9}
   (You found it on level 1 of the Lair of Beasts)

   [ring of positive energy]

   It insulates you from electricity.
   It protects you from poison.
   It protects you from negative energy.
   It affects your resistance to hostile enchantments.
   It affects your magic capacity (-9).
Wands
 g - a wand of enslavement (23)
 n - a wand of polymorph (21)
 o - a wand of disintegration (14)
 t - a wand of iceblast (35)
 D - a wand of flame (20)
 K - a wand of acid (33)
 P - a wand of digging (9)
 Q - a wand of paralysis (18)
Scrolls
 c - a scroll of blinking
 d - 6 scrolls of amnesia
 e - 12 scrolls of remove curse
 l - 6 scrolls of fog
 m - 6 scrolls of enchant armour
 E - a scroll of holy word
 I - 4 scrolls of magic mapping
 L - a scroll of fear
 M - 10 scrolls of teleportation
 S - a scroll of enchant weapon
 T - 3 scrolls of identify
Potions
 h - a potion of ambrosia
 i - 2 potions of curing
 j - 7 potions of haste
 k - 2 potions of flight
 q - 5 potions of might
 r - a potion of invisibility
 s - 3 potions of berserk rage
 u - 3 potions of agility
 z - 3 potions of resistance
 A - 4 potions of heal wounds
 W - a potion of magic
 Y - a potion of cancellation
Comestibles
 b - 40 rations


   Skills:
 + Level 13.1 Fighting
 - Level 10.0 Throwing
 - Level 10.0 Dodging
 - Level 1.0 Stealth
 - Level 10.0 Shields
 + Level 15.2 Unarmed Combat
 - Level 8.1 Invocations


You had 15 spell levels left.
You didn't know any spells.
Your spell library contained the following spells:

 Spells                   Type           Power        Failure   Level  Hunger
 Beastly Appendage        Tmut           #.....       82%         1    ##.....
 Corona                   Hex            #......      82%         1    ##.....
 Flame Tongue             Conj/Fire      #....        82%         1    ##.....
 Magic Dart               Conj           #...         82%         1    ##.....
 Shock                    Conj/Air       #...         82%         1    ##.....
 Summon Butterflies       Summ           #.......     82%         1    ##.....
 Blink                    Tloc           N/A          91%         2    ###....
 Call Imp                 Summ           #.......     91%         2    ###....
 Shroud of Golubria       Chrm/Tloc      #.........   91%         2    ###....
 Slow                     Hex            #.......     91%         2    ###....
 Swiftness                Chrm/Air       #.......     91%         2    ###....
 Throw Flame              Conj/Fire      #.....       91%         2    ###....
 Call Canine Familiar     Summ           #.......     99%         3    ####...
 Conjure Flame            Conj/Fire      #.......     99%         3    ####...
 Gell's Gravitas          Tloc           #.........   99%         3    ####...
 Inner Flame              Hex/Fire       #.......     99%         3    ####...
 Lesser Beckoning         Tloc           #.........   99%         3    ####...
 Mephitic Cloud           Conj/Pois/Air  #.......     99%         3    ####...
 Portal Projectile        Hex/Tloc       #.....       99%         3    ####...
 Spider Form              Tmut/Pois      #.........   99%         3    ####...
 Static Discharge         Conj/Air       #.......     99%         3    ####...
 Teleport Other           Tloc           #.......     99%         3    ####...
 Airstrike                Air            #.........   100%        4    #####..
 Cause Fear               Hex            #.........   100%        4    #####..
 Leda's Liquefaction      Hex/Erth       #.........   100%        4    #####..
 Passage of Golubria      Tloc           N/A          100%        4    #####..
 Sticky Flame             Conj/Fire      #.......     100%        4    #####..
 Summon Ice Beast         Ice/Summ       #.......     100%        4    #####..
 Alistair's Intoxication  Tmut/Pois      #.......     100%        5    ######.
 Fireball                 Conj/Fire      #.........   100%        5    ######.
 Lightning Bolt           Conj/Air       #.........   100%        5    ######.
 Summon Mana Viper        Hex/Summ       #.......     100%        5    ######.
 Venom Bolt               Conj/Pois      #.........   100%        5    ######.
 Yara's Violent Unravell  Hex/Tmut       #.........   100%        5    ######.
 Summon Hydra             Summ           #.........   100%        7    #######


Dungeon Overview and Level Annotations

Branches:
Dungeon (15/15)            Temple (1/1) D:7            Lair (6/6) D:10
  Swamp (4/4) Lair:4        Snake (0/4) Lair:2        Slime (0/5) Lair:6
    Orc (2/2) D:11            Elf (0/3) Orc:2        Vaults (0/5) D:14
 Depths: D:15

Altars:
Cheibriados
Dithmenos
Elyvilon
Fedhas
Gozag
Kikubaaqudgha
Nemelex Xobeh
Okawaru
Ru
Sif Muna
Uskayaw
Vehumet
Wu Jian
Xom
Zin
The Shining One
Beogh
Jiyva

Shops:
D:7 ?   D:13 }   Orc:2 [[?:=

Annotations:
D:9 1 runed translucent door, Ds27's ghost, novice DsAK
Lair:4 1 runed translucent door, Tramtrist's ghost, journeyman FeBe
Lair:5 exclusion: 3 oklob plants
Lair:6 1 runed translucent door


Innate Abilities, Weirdness & Mutations

You are too large for most types of armour.
You have claws for hands.
Your metabolism is lightning-fast.
You like to eat raw meat.
Your natural rate of healing is unusually fast.
You are covered in fur. (AC +1)
You have extremely tough skin. (AC +3)
Scrolls take you a little longer to read.


Message History

The azure jelly hits you but does no damage.
You scratch the azure jelly but do no damage.
The azure jelly is moderately wounded.
The azure jelly hits you! The azure jelly freezes you!!
* * * LOW HITPOINT WARNING * * *
You block the azure jelly's attack. x3
The azure jelly closely misses you. You block the azure jelly's attack.
The azure jelly completely misses you. You block the azure jelly's attack.
Things that are here:
a +0 dagger; a +0 robe The azure jelly splashes around in the water.
You block the azure jelly's attack.
The azure jelly splashes around in the water.
The azure jelly completely misses you.
Really read with blurry vision while enemies are nearby?
You begin reading the scroll.
You continue reading the scroll.
The azure jelly hits you.
* * * LOW HITPOINT WARNING * * *
The azure jelly freezes you!!!
You die...

♣♣...≈≈≈≈≈≈≈.♣♣♣..≈≈.♣..♣♣
♣♣..
#≈.≈≈≈≈≈≈≈≈≈≈≈...≈≈≈.♣..≈♣
♣♣.≈≈
♣#♣≈.≈≈.≈≈≈≈≈§..≈.≈≈≈.♣.≈.♣
♣≈.≈≈
#.≈≈.≈≈≈≈.♣♣♣.≈§≈≈≈≈≈..≈≈.♣
♣♣≈..
....≈≈≈.§♣♣...≈≈≈≈≈≈≈.♣≈♣♣♣
♣≈..§
♣#≈.≈≈.....♣≈..≈≈≈≈.≈♣♣♣♣
♣♣...≈
#≈≈.......).≈≈..≈.≈.♣
♣♣..♣≈.
♣♣≈≈♣♣♣♣.≈≈...≈....≈♣
♣≈≈≈... ♣≈≈♣♣
♣♣.≈≈.§≈J@...♣♣ ♣.≈≈≈..
♣♣♣♣ ♣.≈≈≈≈≈.≈≈≈≈.♣
♣♣≈≈≈≈≈. ♣.§≈≈.♣.≈♣♣♣♣♣
♣.≈≈≈≈≈[ ♣.≈≈≈≈♣...♣
♣♣..≈≈≈.≈ ♣≈..♣♣♣...♣
♣.≈≈≈≈≈.♣ ♣♣:≈....≈≈♣
♣≈≈≈.≈≈<♣ ♣≈♣...≈..♣♣♣♣
♣≈..≈≈≈♣♣ ♣♣♣♣♣
♣♣≈.≈≈.≈.≈≈≈♣♣ ♣♣♣♣.....
♣≈.^♣ ♣≈≈♣♣♣♣.♣≈≈≈♣♣♣
♣♣.≈≈.≈


You could see an azure jelly.

Vanquished Creatures
  Rupert (D:14)
  Jorgrun (Swamp:3)
  A thorn hunter (Swamp:2)
  Kirke (Swamp:3)
  Louise (Swamp:3)
  A very ugly thing (Swamp:4)
  Nessos (D:14)
  Snorg (Lair:6)
  A rakshasa (D:14)
  Harold (D:11)
  2 catoblepae
  16 hydras
  Erica (D:11)
  4 centaur warriors
  2 ghost crabs
  2 ogre magi (Orc:2)
  A shambling mangrove (Swamp:2)
  10 alligators
  3 two-headed ogres
  An orc high priest (Orc:2)
  Nergalle (Orc:2)
  An unseen horror (D:15)
  6 spriggan druids
  3 swamp dragons
  A necromancer (IceCv)
  2 orc knights
  An orb spider (shapeshifter) (D:14)
  A deep elf mage (D:12)
  A wolf spider (D:15)
  7 orc sorcerers (Orc:2)
  2 manticores (D:15)
  14 ugly things
  A torpor snail (Lair:6)
  11 elephants (Lair:6)
  5 molten gargoyles (D:14)
  3 ice statues (IceCv)
  3 black mambas
  3 gargoyles
  15 spiny frogs
  4 rime drakes
  6 komodo dragons
  4 freezing wraiths (Swamp:4)
  7 ice devils (IceCv)
  4 yaktaurs (D:13)
  10 trolls
  7 tyrant leeches
  12 hornets
  5 polar bears
  3 meliai (D:14)
  4 bog bodies
  Grinder (D:3)
  A meliai (shapeshifter) (D:14)
  6 hippogriffs
  14 slime creatures
  22 blink frogs
  A dream sheep (Lair:6)
  A shadow (Swamp:4)
  2 vampires
  A wraith (D:11)
  5 wyverns
  20 spriggans
  Sigmund (D:2)
  Grum (D:10)
  A hog (Swamp:3)
  15 humans (D:14)
  6 swamp worm simulacra (Swamp:4)
  Eustachio (D:5)
  5 basilisks
  A hungry ghost (D:14)
  17 vampire mosquitoes
  23 yaks
  6 wargs
  22 insubstantial wisps
  10 swamp worms
  12 water moccasins
  8 porcupines
  4 swamp drakes
  20 orc warriors
  4 sky beasts
  2 hydra simulacra (Swamp:4)
  7 black bears
  13 ice beasts
  4 boggarts (Lair:6)
  15 centaurs
  31 wolves
  A phantom (D:4)
  14 ogres
  7 crocodiles
  2 big kobolds
  A wyvern zombie (D:13)
  20 bullfrogs
  2 wyvern skeletons
  A water moccasin skeleton (D:9)
  4 scorpions
  2 howler monkeys
  9 crimson imps
  3 draconian simulacra (IceCv)
  5 bullfrog skeletons
  2 centaur zombies
  A quasit (D:7)
  A bullfrog zombie (D:12)
  8 hounds
  4 jellies
  15 orc priests
  Crazy Yiuf (D:2)
  38 orc wizards
  5 centaur skeletons
  5 iguanas
  Ijyb (D:4)
  A spriggan simulacrum (IceCv)
  7 hell rats (Lair:6)
  2 worker ants
  2 troll simulacra (IceCv)
  A hound zombie (D:5)
  2 hound skeletons (D:4)
  Robin (D:2)
  2 howler monkey zombies
  9 gnolls
  2 worker ant zombies (D:8)
  21 adders
  2 ogre simulacra (IceCv)
  2 naga simulacra (IceCv)
  2 river rats
  4 shadow imps
  2 swamp drake simulacra (Swamp:4)
  9 oozes
  2 adder zombies
  An adder skeleton (D:9)
  3 worms
  A dart slug (D:3)
  13 leopard geckos
  91 orcs
  7 bats
  20 giant cockroaches
  10 hobgoblins
  8 jackals
  2 quokkas (D:6)
  18 ball pythons
  12 frilled lizards
  24 goblins
  14 kobolds
  A leopard gecko zombie (D:9)
  6 rats
958 creatures vanquished.

Vanquished Creatures (others)
  An alligator (Swamp:4)
  A spiny frog (Swamp:4)
  2 tyrant leeches
  2 spriggans
  A human (D:14)
  2 vampire mosquitoes (Swamp:4)
  4 insubstantial wisps (Swamp:1)
  An orc wizard (Orc:2)
  2 briar patches (Swamp:2)
  3 bushes (Lair:4)
  9 fungi
  8 plants
36 creatures vanquished.

Grand Total: 994 creatures vanquished

Notes
Turn   | Place    | Note
-------+----------+-------------------------------------------
     0 | D:1      | MisterFreud the Troll Monk began the quest for the Orb.
     0 | D:1      | Reached XP level 1. HP: 22/22 MP: 0/0
    67 | D:1      | Reached XP level 2. HP: 29/29 MP: 1/1
   178 | D:1      | Reached skill level 4 in Unarmed Combat
   291 | D:1      | Reached XP level 3. HP: 36/36 MP: 2/2
  1109 | D:2      | Noticed Sigmund
  1121 | D:2      | Killed Sigmund
  1121 | D:2      | Reached skill level 6 in Unarmed Combat
  1121 | D:2      | Reached XP level 4. HP: 26/44 MP: 1/3
  1121 | D:2      | Reached XP level 5. HP: 29/50 MP: 1/4
  1280 | D:2      | Found a shadowy altar of Dithmenos.
  1283 | D:2      | Noticed Robin
  1394 | D:2      | Killed Robin
  1738 | D:2      | Found a runed translucent door.
  1739 | D:2      | Noticed Crazy Yiuf
  1748 | D:2      | Killed Crazy Yiuf
  1748 | D:2      | Reached XP level 6. HP: 59/59 MP: 5/5
  1785 | D:3      | Found a snail-covered altar of Cheibriados.
  1839 | D:3      | Reached skill level 7 in Unarmed Combat
  1970 | D:3      | Noticed Grinder
  1982 | D:3      | Killed Grinder
  1982 | D:3      | Reached skill level 8 in Unarmed Combat
  2054 | D:3      | Reached XP level 7. HP: 66/66 MP: 6/6
  2158 | D:3      | Found a radiant altar of Vehumet.
  2166 | D:3      | Found a shimmering altar of Xom.
  2754 | D:4      | Identified the +1 hunting sling of Uskayaw's Castigation
                  | {speed, rN+ Dex+6}
  2755 | D:4      | Identified the cursed ring "Piwist" {rF- AC-3 Dex+4}
  2839 | D:4      | Noticed Ijyb
  2845 | D:4      | Killed Ijyb
  2926 | D:4      | Reached skill level 5 in Dodging
  3224 | D:5      | Entered Level 5 of the Dungeon
  3411 | D:5      | Reached XP level 8. HP: 42/74 MP: 2/7
  3446 | D:5      | Found a sparkling altar of Nemelex Xobeh.
  3722 | D:5      | Noticed Eustachio
  3741 | D:5      | Killed Eustachio
  3885 | D:6      | Reached skill level 1 in Throwing
  3960 | D:6      | Found a glowing drain.
  3986 | Sewer    | Entered a sewer
  4440 | D:6      | Reached XP level 9. HP: 71/80 MP: 8/8
  5086 | D:7      | Found Aghexar's Magic Scroll Emporium.
  5089 | D:7      | Bought a scroll of teleportation for 36 gold pieces
  5089 | D:7      | Bought a scroll of teleportation for 36 gold pieces
  5089 | D:7      | Bought a scroll of teleportation for 36 gold pieces
  5313 | D:7      | Found a hide-covered altar of Uskayaw.
  5400 | D:7      | Found a staircase to the Ecumenical Temple.
  5469 | Temple   | Entered the Ecumenical Temple
  5497 | Temple   | Became a worshipper of Warmaster Okawaru
  5497 | Temple   | Reached * piety under Okawaru
  5497 | Temple   | Reached ** piety under Okawaru
  5562 | D:7      | Reached skill level 10 in Dodging
  5634 | D:7      | Reached skill level 1 in Invocations
  5911 | D:8      | Found an ornate altar of the Wu Jian Council.
  5946 | D:8      | Reached XP level 10. HP: 85/88 MP: 8/11
  5947 | D:8      | Identified 3 scrolls of acquirement
  5948 | D:8      | Got a twitching glass ring
  5949 | D:8      | Identified the ring "Tuhun" {*Corrode rElec rN+ SInv} (You
                  | acquired it on level 8 of the Dungeon)
  5997 | D:8      | Reached skill level 1 in Shields
  6152 | D:8      | Found a blossoming altar of Fedhas.
  6635 | D:9      | Noticed a two-headed ogre
  6742 | D:9      | Reached *** piety under Okawaru
  6749 | D:9      | Killed a two-headed ogre
  6749 | D:9      | Reached skill level 5 in Shields
  6822 | D:9      | Found an opulent altar of Gozag.
  6828 | D:9      | Found a white marble altar of Elyvilon.
  6980 | D:9      | Reached skill level 5 in Invocations
  7088 | D:9      | Reached **** piety under Okawaru
  7125 | D:9      | Found a glowing golden altar of the Shining One.
  7180 | D:9      | Found a runed translucent door.
  7181 | D:9      | Noticed Ds27's ghost (novice DsAK)
  7454 | D:10     | Entered Level 10 of the Dungeon
  7568 | D:10     | Found a staircase to the Lair.
  7650 | D:10     | Found a shimmering altar of Xom.
  7688 | D:10     | Noticed Grum
  7719 | D:10     | Killed Grum
  7719 | D:10     | Received a gift from Okawaru
  7719 | D:10     | Reached XP level 11. HP: 57/94 MP: 14/14
  8145 | D:11     | Noticed Erica
  8158 | D:11     | Killed Erica
  8175 | D:11     | Reached skill level 5 in Throwing
  8213 | D:11     | Found a shadowy altar of Dithmenos.
  8282 | D:11     | Found a staircase to the Orcish Mines.
  8328 | D:11     | Received a gift from Okawaru
  8399 | D:11     | Reached ***** piety under Okawaru
  8570 | D:11     | Noticed Harold
  8590 | D:11     | Killed Harold
  8702 | D:12     | Noticed a cyan ugly thing
  8717 | D:12     | Killed a cyan ugly thing
  8719 | D:12     | Received a gift from Okawaru
  8719 | D:12     | Reached skill level 5 in Fighting
  8910 | D:12     | Noticed a deep elf mage
  8922 | D:12     | Killed a deep elf mage
  9198 | D:13     | Found Vibac's Gadget Shop.
  9323 | D:13     | Noticed a centaur warrior
  9331 | D:13     | Killed a centaur warrior
  9418 | D:13     | You fall through a shaft for 2 floors!
  9418 | D:15     | Entered Level 15 of the Dungeon
  9419 | D:15     | Noticed an unseen horror
  9435 | D:15     | Noticed a centaur warrior
  9445 | D:15     | Killed a centaur warrior
  9453 | D:15     | Killed an unseen horror
  9487 | D:15     | Noticed a centaur warrior
  9553 | D:14     | Noticed a centaur warrior
  9561 | D:14     | Reached XP level 12. HP: 55/118 MP: 15/15
  9584 | D:14     | Killed a centaur warrior
  9584 | D:14     | Received a gift from Okawaru
  9748 | D:14     | You fall through a shaft!
  9828 | D:15     | Killed a centaur warrior
  9954 | D:15     | Noticed a catoblepas
 10183 | D:14     | Noticed Nessos
 10188 | D:14     | Noticed Rupert
 10231 | D:14     | Killed Rupert
 10231 | D:14     | Received a gift from Okawaru
 10281 | D:14     | Killed Nessos
 10281 | D:14     | Reached skill level 10 in Fighting
 10381 | D:14     | Got a smoking demon trident {god gift}
 10382 | D:14     | Identified the +5 demon trident "Cookie Cutter" {drain,
                  | MP+9} (Okawaru gifted it to you on level 14 of the Dungeon)
 10403 | D:14     | Reached XP level 13. HP: 133/133 MP: 18/18
 10440 | D:14     | Found a gate to the Vaults.
 10461 | D:14     | Reached skill level 9 in Unarmed Combat
 10742 | D:14     | Reached skill level 10 in Unarmed Combat
 10757 | D:14     | Reached ****** piety under Okawaru
 10869 | D:14     | Reached skill level 11 in Unarmed Combat
 10890 | D:14     | Received a gift from Okawaru
 10891 | D:14     | Found the -2 hat of the Alchemist {rElec rPois rF+ rC+ rN+
                  | MR+ rMut rCorr}
 11082 | D:14     | Reached skill level 12 in Unarmed Combat
 12022 | Lair:1   | Entered Level 1 of the Lair of Beasts
 12475 | Lair:1   | Got a slimy steel ring
 12480 | Lair:1   | Identified the ring of Ugideegg {rElec rPois rN+ MR+ MP-9}
                  | (You found it on level 1 of the Lair of Beasts)
 12926 | Lair:2   | Received a gift from Okawaru
 12971 | Lair:2   | Found a frozen archway.
 12986 | Lair:2   | Reached XP level 14. HP: 101/143 MP: 2/19
 13020 | IceCv    | Entered an ice cave
 13635 | Lair:2   | Reached skill level 10 in Throwing
 13710 | Lair:2   | Found a staircase to the Snake Pit.
 14422 | Lair:3   | You fall through a shaft for 2 floors!
 14501 | Lair:4   | Found a staircase to the Swamp.
 15037 | Lair:4   | Found a shimmering altar of Xom.
 15440 | Lair:4   | Found a runed translucent door.
 15441 | Lair:4   | Identified the cursed +0 spear of Charity {pierce, rElec
                  | Str+2 Int+6}
 15441 | Lair:4   | Noticed Tramtrist's ghost (journeyman FeBe)
 15970 | Lair:5   | Received a gift from Okawaru
 16289 | Lair:6   | Entered Level 6 of the Lair of Beasts
 16444 | Lair:6   | Noticed Snorg
 16464 | Lair:6   | Killed Snorg
 16578 | Lair:6   | Received a gift from Okawaru
 16674 | Lair:6   | Received a gift from Okawaru
 16674 | Lair:6   | Reached skill level 13 in Unarmed Combat
 16692 | Lair:6   | Identified the Almanac of Envenoming and Shape Shifting
 16783 | Lair:6   | Received a gift from Okawaru
 16798 | Lair:6   | Got a spiked large shield {god gift}
 16809 | Lair:6   | Identified the +2 large shield "Fanen" {rElec rPois Regen+}
                  | (Okawaru gifted it to you on level 6 of the Lair of Beasts)
 16930 | Lair:6   | Reached XP level 15. HP: 119/154 MP: 11/20
 17126 | Lair:6   | Found a runed translucent door.
 17127 | Lair:6   | Found a viscous altar of Jiyva.
 17130 | Lair:6   | Found a staircase to the Slime Pits.
 17773 | Orc:1    | Entered Level 1 of the Orcish Mines
 18344 | Orc:2    | Entered Level 2 of the Orcish Mines
 18371 | Orc:2    | Found a staircase to the Elven Halls.
 18623 | Orc:2    | Found Plog's Jewellery Shop.
 18634 | Orc:2    | Bought a +5 ring of evasion for 715 gold pieces
 18780 | Orc:2    | Found Geur Ca Voe's Magic Scroll Shop.
 18787 | Orc:2    | Bought a scroll of teleportation for 45 gold pieces
 18787 | Orc:2    | Bought a scroll of fear for 52 gold pieces
 18787 | Orc:2    | Bought a scroll of teleportation for 45 gold pieces
 18787 | Orc:2    | Bought a scroll of teleportation for 45 gold pieces
 18787 | Orc:2    | Bought 3 scrolls of identify for 90 gold pieces
 18787 | Orc:2    | Bought a scroll of identify for 30 gold pieces
 18787 | Orc:2    | Bought a scroll of magic mapping for 52 gold pieces
 18787 | Orc:2    | Bought a scroll of identify for 30 gold pieces
 18812 | Orc:2    | Found a radiant altar of Vehumet.
 18825 | Orc:2    | Found Bohojoth's Antique Armour Shop.
 18835 | Orc:2    | Received a gift from Okawaru
 18847 | Orc:2    | Noticed Nergalle
 18862 | Orc:2    | Killed Nergalle
 18873 | Orc:2    | Found an ancient bone altar of Kikubaaqudgha.
 18877 | Orc:2    | Bought an ancient robe for 114 gold pieces
 18877 | Orc:2    | Identified the +2 robe "Atwugih" {rC+} (You bought it in a
                  | shop on level 2 of the Orcish Mines)
 18900 | Orc:2    | Found a roughly hewn altar of Beogh.
 18900 | Orc:2    | Found Ybafuoc's Antique Armour Boutique.
 18906 | Orc:2    | Gained mutation: Scrolls take you a little longer to read.
                  | [a neqoxec]
 19020 | Orc:2    | Found Cinwekus's Book Boutique.
 19197 | Swamp:1  | Entered Level 1 of the Swamp
 19339 | Swamp:1  | Received a gift from Okawaru
 20102 | Swamp:2  | Reached skill level 14 in Unarmed Combat
 20191 | Swamp:2  | Received a gift from Okawaru
 20207 | Swamp:2  | Got a creamy pearl robe {god gift}
 20218 | Swamp:2  | Identified the +4 robe "Kuish" {Str+5} (Okawaru gifted it
                  | to you on level 2 of the Swamp)
 20274 | Swamp:2  | Reached skill level 10 in Shields
 20407 | Swamp:2  | Reached XP level 16. HP: 118/165 MP: 12/21
 20552 | Swamp:2  | Noticed a thorn hunter
 20576 | Swamp:2  | Killed a thorn hunter
 21078 | Swamp:3  | Noticed Louise
 21102 | Swamp:3  | Killed Louise
 21286 | Swamp:3  | Noticed Jorgrun
 21303 | Swamp:3  | Killed Jorgrun
 21398 | Swamp:3  | Noticed Kirke
 21409 | Swamp:3  | Noticed a sphinx
 21419 | Swamp:3  | Killed Kirke
 21546 | Swamp:4  | Entered Level 4 of the Swamp
 21659 | Swamp:4  | Reached skill level 15 in Unarmed Combat
 21660 | Swamp:4  | Received a gift from Okawaru
 22506 | Swamp:4  | Mangled by an azure jelly

Levels and vault maps discovered:
D:1:      psy_arrival_dodecagon, layout_basic, serial_forest,
          infiniplex_forest_clump_diagonal, infiniplex_forest_lined_corner,
          infiniplex_forest_clump_long, infiniplex_forest_end_2
D:2:      layout_basic, lemuel_crystal_altar, first_ration,
          minmay_goblin_outpost, uniq_crazy_yiuf_cottage, uniq_robin,
          uniq_sigmund
D:3:      layout_rooms, old_standard_altar, minitemple, minmay_cupped,
          uniq_grinder
D:4:      layout_basic, uniq_ijyb
D:5:      layout_basic, serial_glass, glass_columns_b, glass_columns_b,
          basic_altar, uniq_eustachio
D:6:      wad_river_or_something, layout_basic, portal_sewer_entry_a
D:7:      layout_loops_ring, eat_drink_and_be_merry_uskayaw, temple_pool_b,
          serial_shops, kennysheep_mini_moat, grunt_ministairs_14
D:8:      layout_loops_ring, old_standard_altar, the_bakery,
          fedhas_bush_and_centaur_altar
D:9:      layout_gridville, elyvilon_altar_1, kennysheep_mini,
          nicolae_tso_swordbearing_angel, gammafunk_ghost_grave
D:10:     layout_roguey, erik_lair_orcish_takeover, basic_altar, uniq_grum
D:11:     layout_rooms, orc_0_dummy, basic_altar, serial_bayou_crossing,
          uniq_harold, uniq_erica
D:12:     layout_cave_pools, serial_glass, glass_columns_c, glass_columns_b
D:13:     layout_roguey, serial_shops, shop
D:14:     cheibrodos_statue_roulette, layout_loops_ring, david_vaults_3,
          hangedman_decor_growths
D:15:     grunt_enter_depths_hoard, layout_long_grid, chequers_garden,
          serial_shops, shop_fountains
Temple:   oiseaux_autumnal_temple
Lair:1:   layout_regular_city, pond
Lair:2:   layout_loops_ring, dummy_snake_entry,
          portal_ice_cave_entry_ice_beasts, serial_bayou_pond_c, st_stairs_13,
          grunt_megastairs_5, infiniplex_staircase_pool_2
Lair:3:   layout_loops_ring
Lair:4:   layout_gridlike, minmay_swamp_entry_wisps,
          ebering_ghost_funeral_grove, basic_altar,
          chequers_serial_rivers_micro_e, minmay_hedge_maze,
          cheibrodos_lair_lostbears
Lair:5:   layout_big_grid, chequers_serial_rivers_micro_b, dpeg_oklob_1,
          serial_bayou_shore_b, serial_bayou_shore_a
Lair:6:   minmay_lair_end_enchanted_forest, layout_cave_pods, slime_altar_2,
          uniq_snorg
Swamp:1:  layout_basic_swamp, hangedman_swamp_ruin_hall
Swamp:2:  layout_falls_marsh, evilmike_swamp_ruin_house_1
Swamp:3:  layout_falls_marsh, evilmike_swamp_ruin_house_5, uniq_jorgrun,
          uniq_kirke, uniq_louise
Swamp:4:  swamp_icy, layout_basic_swamp
Orc:1:    layout_caves
Orc:2:    kennysheep_orc_mage_school, layout_caves, serial_shops, shop

Skill      XL: |  1  2  3  4  5  6  7  8  9 10 11 12 13 14 15 16 |
---------------+-------------------------------------------------+-----
Unarmed Combat | 4 6 8 12 13 14 15 | 15.2
Dodging        | 5 8 10 | 10.0
Throwing       | 1 3 6 9 10 | 10.0
Invocations    | 3 6 8 |  8.1
Shields        | 5 7 10 | 10.0
Fighting       | 7 10 11 12 13 | 13.1
Stealth        | |  1.0

Action                   |  1- 3 |  4- 6 |  7- 9 | 10-12 | 13-15 | 16-18 || total
-------------------------+-------+-------+-------+-------+-------+-------++-------
Melee: Unarmed           |    64 |   116 |   469 |   755 |  1802 |   282 ||  3488
       Punch             |     1 |     4 |    16 |       |       |       ||    21
Throw: Stone             |     3 |     4 |       |     2 |     2 |       ||    11
       Large rock        |       |       |       |       |    21 |       ||    21
       Throwing net      |       |       |       |       |     1 |       ||     1
Invok: Heroism           |       |       |       |    12 |    29 |     8 ||    49
       Finesse           |       |       |       |     1 |    10 |     2 ||    13
Evoke: Wand              |       |       |       |       |     1 |       ||     1
  Use: Scroll            |       |       |    17 |    13 |    10 |     1 ||    41
       Potion            |       |       |     1 |     1 |       |     1 ||     3
 Stab: Sleeping          |     1 |     1 |    17 |     8 |     2 |     1 ||    30
       Distracted        |       |       |       |     2 |     1 |       ||     3
       Confused          |       |       |       |       |     2 |       ||     2
       Petrified         |       |       |       |       |     2 |       ||     2
       Invisible         |       |       |       |       |       |     3 ||     3
  Eat: Chunk             |    10 |    12 |    37 |    47 |    91 |    15 ||   212
Armor: Robe              |    25 |    33 |    77 |    17 |     3 |    43 ||   198
       Troll leather arm |       |       |       |   162 |   310 |       ||   472
Dodge: Dodged            |    60 |   104 |   302 |   366 |   653 |   157 ||  1642
Block: Shield            |       |       |       |   400 |   489 |       ||   889
       Large shield      |       |       |       |       |   690 |   329 ||  1019

Table legend:
 A = Non-vault XP
 B = Vault XP
 C = Vault XP percentage of total XP
 D = Non-vault monster count
 E = Vault monster count
 F = Vault count percentage of total count
                 A         B        C        D         E       F
            +---------+---------+-------+---------+---------+-------
      Total |  134998 |   50922 |  27.4 |     687 |     273 |  28.4
            +---------+---------+-------+---------+---------+-------
        D:1 |      52 |       2 |   3.7 |      22 |       1 |   4.3
        D:2 |      68 |     291 |  81.1 |      20 |      18 |  47.4
        D:3 |      62 |     273 |  81.5 |      23 |       2 |   8.0
        D:4 |     560 |      35 |   5.9 |      22 |       1 |   4.3
        D:5 |     286 |     191 |  40.0 |      15 |       1 |   6.2
        D:6 |     726 |     245 |  25.2 |      15 |      10 |  40.0
        D:7 |    1848 |       2 |   0.1 |      26 |       1 |   3.7
        D:8 |    1497 |     321 |  17.7 |      19 |       2 |   9.5
        D:9 |    2429 |       0 |   0.0 |      21 |       0 |   0.0
       D:10 |     969 |    1280 |  56.9 |      11 |      13 |  54.2
       D:11 |    2906 |    1935 |  40.0 |      26 |       2 |   7.1
       D:12 |    1921 |       0 |   0.0 |      19 |       0 |   0.0
       D:13 |    4891 |       0 |   0.0 |      35 |       0 |   0.0
       D:14 |   16649 |   10588 |  38.9 |      49 |      24 |  32.9
       D:15 |    8093 |       0 |   0.0 |      27 |       0 |   0.0
     Lair:1 |    3671 |     645 |  14.9 |      15 |       7 |  31.8
     Lair:2 |    3663 |    1345 |  26.9 |      10 |      10 |  50.0
     Lair:3 |    1473 |       0 |   0.0 |       7 |       0 |   0.0
     Lair:4 |    5642 |    1555 |  21.6 |      22 |       8 |  26.7
     Lair:5 |    4853 |       0 |   0.0 |      14 |       0 |   0.0
     Lair:6 |   18181 |   10223 |  36.0 |      66 |      44 |  40.0
    Swamp:1 |    9480 |       0 |   0.0 |      31 |       0 |   0.0
    Swamp:2 |   17176 |       0 |   0.0 |      38 |       0 |   0.0
    Swamp:3 |    9339 |    6847 |  42.3 |      21 |       4 |  16.0
    Swamp:4 |    9992 |    2782 |  21.8 |      20 |      14 |  41.2
      Orc:1 |    3734 |       0 |   0.0 |      46 |       0 |   0.0
      Orc:2 |    4837 |    7319 |  60.2 |      47 |      33 |  41.2
      Sewer |       0 |     411 | 100.0 |       0 |      57 | 100.0
      IceCv |       0 |    4632 | 100.0 |       0 |      21 | 100.0
            +---------+---------+-------+---------+---------+-------
